Admirals vs Thunderbirds
Created - February 7, 2022 at 19:41
Goals
|
| Admirals |
2 |
0 |
3 |
5 |
| Thunderbirds |
4 |
2 |
4 |
10 |
|
Shots
|
| Admirals |
14 |
13 |
15 |
42 |
| Thunderbirds |
13 |
11 |
13 |
37 |
|
1st period
1. Admirals , Joel Armia 2 (Nicolas Kerdiles 19, Anton Gustafsson 15) at 0:15
2. Admirals , Nicolas Deslauriers 5 (Olli Juolevi 4) at 1:44
3. Thunderbirds , Valentin Zykov 18 (Quinton Howden 20, Jerry D'Amigo 14) at 16:14 (PP)
4. Thunderbirds , Tanner Laczynski 5 (Nicklas Jensen 3, Jake Walman 2) at 19:07
5. Thunderbirds , Valentin Zykov 19 (Jerry D'Amigo 15, Quinton Howden 21) at 19:23
6. Thunderbirds , Valentin Zykov 20 (Quinton Howden 22) at 19:47
Penalties :
Griffin Reinhart (Spr) for Slashing (Minor) at 1:53, Anton Gustafsson (Mil) for Holding Stick (Minor) at 16:09, Michal Jordan (Spr) for Tripping (Minor) at 19:42, Anton Gustafsson (Mil) for Roughing (Double Minor) at 19:46
2nd period
7. Thunderbirds , Elias Lindholm 9 (Kirill Kaprizov 9) at 7:46 (PP)
8. Thunderbirds , Jerry D'Amigo 10 (Quinton Howden 23, John Draeger 8) at 16:23
Penalties :
Mark McNeill (Mil) for Tripping (Minor) at 7:12, T.J Brodie (Mil) for Hooking (Minor) at 17:44
3rd period
9. Thunderbirds , Griffin Reinhart 6 (Quinton Howden 24, Valentin Zykov 19) at 3:40
10. Admirals , Nicolas Kerdiles 20 (Anton Gustafsson 16) at 3:58
11. Admirals , Hunter Shinkaruk 8 (Mattias Backman 9) at 6:51
12. Admirals , Joel Armia 3 (Nicolas Kerdiles 20, Anton Gustafsson 17) at 9:09
13. Thunderbirds , Valentin Zykov 21 (Quinton Howden 25, Jerry D'Amigo 16) at 13:02 (PP)
14. Thunderbirds , Elias Lindholm 10 (Kirill Kaprizov 10, Michal Jordan 4) at 17:37 (PP)
15. Thunderbirds , Jerry D'Amigo 11 (Valentin Zykov 20, Jake Walman 3) at 18:50
Penalties :
Mattias Backman (Mil) for Tripping (Minor) at 0:58, Quinton Howden (Spr) for Hooking (Minor) at 1:04, Quinton Howden (Spr) for Holding (Minor) at 4:05, Niklas Hansson (Spr) for Hooking (Minor) at 9:12, Hunter Shinkaruk (Mil) for Diving (Minor) at 12:55, Christian Djoos (Mil) for Roughing (Minor) at 17:04, Nicolas Kerdiles (Mil) for Holding (Minor) at 19:54
Goalie Stats
Felix Sanstrom (Mil), 9 saves from 13 shots - (0.692), 19:47 minutes
Tristan Jarry (Mil), 18 saves from 24 shots - (0.750), L, 5-9-3, 40:13 minutes
Carter Hutton (Spr), 37 saves from 42 shots - (0.881), W, 8-2-3, 60:00 minutes
Players Stats for Admirals
Player Name G A P +/- PIM S H SB GA TA FO MP PP MP PK MP
------------------------------------------------------------------------------------
Anton Gustafsson 0 3 3 2 6 4 0 0 1 0 27/41 23:17 3:23 2:03
Blake Geoffrion 0 0 0 -3 0 3 2 0 4 0 2/7 17:07 2:36 1:19
Carl Dahlstrom 0 0 0 1 0 1 1 0 0 0 0/0 5:06 0:00 0:36
Christian Djoos 0 0 0 -1 2 0 0 1 0 0 0/0 11:17 0:00 2:50
Freddie Hamilton 0 0 0 0 0 1 2 0 0 0 0/1 7:37 0:00 0:47
Hunter Shinkaruk 1 0 1 0 2 2 1 1 1 0 0/0 7:54 0:01 0:54
Joel Armia 2 0 2 2 0 5 1 0 0 0 3/3 19:39 3:24 0:00
Josh Morrissey 0 0 0 0 0 3 1 4 2 2 0/0 27:14 3:50 3:25
Kasper Bjorkqvist 0 0 0 1 0 1 1 1 0 0 0/0 11:09 2:36 0:00
Lucas Wallmark 0 0 0 1 0 0 0 0 0 0 0/1 9:49 0:00 0:34
Mark McNeill 0 0 0 -3 2 1 0 0 0 0 0/1 14:54 0:07 0:45
Markus Granlund 0 0 0 -2 0 3 3 1 1 0 10/15 15:50 2:36 1:25
Mattias Backman 0 1 1 -1 2 0 0 0 0 1 0/0 18:18 2:17 1:34
Nicolas Deslauriers 1 0 1 0 0 3 1 0 0 1 0/0 11:29 0:06 0:45
Nicolas Kerdiles 1 2 3 1 2 11 0 0 1 0 0/3 24:29 3:24 2:34
Olli Juolevi 0 1 1 1 0 0 0 0 0 0 0/0 4:30 0:00 0:00
Riley Barber 0 0 0 0 0 1 0 0 0 0 0/0 6:29 0:01 0:00
T.J Brodie 0 0 0 -1 2 2 1 0 0 0 0/0 18:07 2:11 0:35
Travis Dermott 0 0 0 0 0 1 1 3 0 2 0/0 24:00 3:56 0:12
Trevor Van Riemsdyk 0 0 0 -2 0 0 0 0 0 0 0/0 12:16 0:06 1:54
Players Stats for Thunderbirds
Player Name G A P +/- PIM S H SB GA TA FO MP PP MP PK MP
------------------------------------------------------------------------------------
Elias Lindholm 2 0 2 -1 0 3 2 0 1 0 3/11 17:42 2:07 2:10
Griffin Reinhart 1 0 1 -2 2 2 2 3 0 2 0/0 26:08 2:49 2:12
Hudson Fasching 0 0 0 0 0 0 0 0 1 0 0/2 10:41 0:23 0:00
Jake Walman 0 2 2 1 0 0 0 1 0 0 0/0 12:56 0:29 1:08
Jerry D'Amigo 2 3 5 0 0 5 1 1 1 1 2/3 22:13 3:03 3:23
John Draeger 0 1 1 2 0 1 2 2 0 2 0/0 21:33 2:18 3:31
Kirill Kaprizov 0 2 2 0 0 1 3 0 0 0 2/4 18:10 2:04 1:49
Matt Puempel 0 0 0 0 0 2 2 0 0 0 0/0 12:28 0:55 0:45
Michal Jordan 0 1 1 2 2 1 1 2 0 1 0/0 21:22 2:33 2:30
Mitchell Heard 0 0 0 0 0 1 1 0 0 0 1/6 12:00 0:55 0:31
Nelson Nogier 0 0 0 1 0 0 0 0 0 1 0/0 8:42 0:00 0:00
Nicklas Jensen 0 1 1 0 0 1 1 0 0 0 0/0 6:41 0:00 0:00
Niklas Hansson 0 0 0 -2 2 1 3 0 0 3 0/0 27:59 2:57 2:53
Quinton Howden 0 6 6 2 4 7 0 2 0 0 22/44 21:56 2:30 2:12
Roberts Lipsbergs 0 0 0 0 0 0 2 0 0 0 0/0 6:44 0:03 0:00
Tanner Laczynski 1 0 1 0 0 2 0 0 1 0 0/0 6:41 0:00 0:00
Tom Kuhnhackl 0 0 0 -1 0 2 2 1 1 0 0/0 14:47 2:07 1:18
Valentin Zykov 4 2 6 2 0 8 0 0 1 0 0/2 21:17 2:31 0:06
3 Stars
1 - Valentin Zykov (Spr)
2 - Jerry D'Amigo (Spr)
3 - Quinton Howden (Spr)
Power Play
Admirals - 0 on 5 Attempt(s) - 0.00%
Thunderbirds - 4 on 9 Attempt(s) - 44.44%
Penalty Kill
Admirals - 5 on 9 Attempt(s) - 55.56%
- Score 0 goal in Penalty Kill
Thunderbirds - 5 on 5 Attempt(s) - 100.00%
- Score 0 goal in Penalty Kill
Team Stat
Admirals - Hits : 15 - Faceoff Wins : 42 - Blocked Shots : 11 - Penalty Minutes : 18
Thunderbirds - Hits : 22 - Faceoff Wins : 30 - Blocked Shots : 12 - Penalty Minutes : 10
Official
Referees : Chris Rooney and TJ Luxmore
Linesman : Jesse Marquis and Brandon Gawryletz
Game Notes
Valentin Zykov has scored a Hat Trick!
Tristan Jarry enters game at 19:47 of 1st period
4:56 of 2nd period - Admirals goal is going for a video replay. After video review, No Goal. The puck has been kicked using a distinct kicking motion.
3:40 of 3rd period - Thunderbirds goal is going for a video replay. After video review, Goal.
Finance
Level 1 -- Attendance: 1846 (92.30%) -- Ticket Income $64,610
Level 2 -- Attendance: 891 (89.10%) -- Ticket Income $13,365
Total Attendance: 2737 (91.23%)
Total Ticket Income: $77,975
Other Income: $3,899
Total Income: $81,874
Admirals
5 vs 5 Forward
Center Left Wing Right Wing Time % Phy DF OF
1 Anton Gustafsson Nicolas Kerdiles Joel Armia 40 1 2 2
2 Markus Granlund Blake Geoffrion Mark McNeill 30 1 2 2
3 Lucas Wallmark Nicolas Deslauriers Kasper Bjorkqvist 20 1 2 2
4 Freddie Hamilton Hunter Shinkaruk Riley Barber 10 1 2 2
5 vs 5 Defense
Defense Defense Time % Phy DF OF
1 Josh Morrissey Travis Dermott 40 1 2 2
2 T.J Brodie Mattias Backman 30 1 2 2
3 Christian Djoos Trevor Van Riemsdyk 20 1 2 2
4 Carl Dahlstrom Olli Juolevi 10 1 2 2
PowerPlay Forward
Center Left Wing Right Wing Time % Phy DF OF
1 Anton Gustafsson Nicolas Kerdiles Joel Armia 60 1 2 2
2 Markus Granlund Blake Geoffrion Kasper Bjorkqvist 40 1 2 2
PowerPlay Defense
Defense Defense Time % Phy DF OF
1 Josh Morrissey Travis Dermott 60 1 2 2
2 T.J Brodie Mattias Backman 40 1 2 2
Penalty Kill 4 Players Forward
Center Wing Time % Phy DF OF
1 Anton Gustafsson Nicolas Kerdiles 60 1 2 2
2 Mark McNeill Nicolas Deslauriers 40 1 2 2
Penalty Kill 4 Players Defense
Defense Defense Time % Phy DF OF
1 Josh Morrissey Christian Djoos 60 1 2 2
2 T.J Brodie Mattias Backman 40 1 2 2
Penalty Kill - 3 Players Forward
Forward Time % Phy DF OF
1 Mark McNeill 60 1 2 2
2 Nicolas Deslauriers 40 1 2 2
Penalty Kill - 3 Players Defense
Defense Defense Time % Phy DF OF
1 Josh Morrissey Christian Djoos 60 1 2 2
2 T.J Brodie Mattias Backman 40 1 2 2
4 vs 4 Forward
Center Wing Time % Phy DF OF
1 Anton Gustafsson Nicolas Kerdiles 60 1 2 2
2 Mark McNeill Nicolas Deslauriers 40 1 2 2
4 vs 4 Defense
Defense Defense Time % Phy DF OF
1 Josh Morrissey T.J Brodie 60 1 2 2
2 Mattias Backman Travis Dermott 40 1 2 2
Last Minutes Offensive
Center Left Wing Right Wing Defense Defense
Anton Gustafsson Nicolas Kerdiles Joel Armia Josh Morrissey T.J Brodie
Last Minutes Defensive
Center Left Wing Right Wing Defense Defense
Markus Granlund Nicolas Kerdiles Joel Armia Josh Morrissey T.J Brodie
Goaltenders
Starting : Felix Sanstrom
Backup : Tristan Jarry
Extra Forwards
Normal : Blake Geoffrion, Mark McNeill, Nicolas Deslauriers - PP : Blake Geoffrion, Mark McNeill - PK : Markus Granlund
Extra Defensemen
Normal : Trevor Van Riemsdyk, Carl Dahlstrom, Olli Juolevi - PP : Trevor Van Riemsdyk - PK : Trevor Van Riemsdyk, Carl Dahlstrom
Penalty Shots
Anton Gustafsson, Nicolas Kerdiles, Markus Granlund, Joel Armia, Blake Geoffrion
Scratches
Adam Almquist (Healthy), Alexandre Mallet (Healthy), Andreas Englund (Broken Bone (Right Foot) Injury), Brett Connolly (Healthy), Filip Chlapik (Healthy)
Josh Wesley (Healthy), Mark MacMillan (Healthy), Ryan Olsen (Healthy), Sergei Zborovskiy (Healthy), Stanislav Galiev (Healthy)
Troy Bourke (Healthy), Carsen Twarynski (Healthy), Libor Hajek (Healthy), Linus Ullmark (Healthy)
Thunderbirds
5 vs 5 Forward
Center Left Wing Right Wing Time % Phy DF OF
1 Quinton Howden Valentin Zykov Jerry D'Amigo 40 0 2 3
2 Elias Lindholm Kirill Kaprizov Tom Kuhnhackl 30 0 2 3
3 Mitchell Heard Matt Puempel Hudson Fasching 20 1 2 2
4 Tanner Laczynski Roberts Lipsbergs Nicklas Jensen 10 0 2 3
5 vs 5 Defense
Defense Defense Time % Phy DF OF
1 Griffin Reinhart Niklas Hansson 40 0 2 3
2 Michal Jordan John Draeger 30 1 2 2
3 Nelson Nogier Jake Walman 20 1 2 2
4 Griffin Reinhart Niklas Hansson 10 0 2 3
PowerPlay Forward
Center Left Wing Right Wing Time % Phy DF OF
1 Quinton Howden Valentin Zykov Jerry D'Amigo 60 0 1 4
2 Elias Lindholm Kirill Kaprizov Tom Kuhnhackl 40 0 1 4
PowerPlay Defense
Defense Defense Time % Phy DF OF
1 Griffin Reinhart Niklas Hansson 60 0 2 3
2 Michal Jordan John Draeger 40 0 2 3
Penalty Kill 4 Players Forward
Center Wing Time % Phy DF OF
1 Quinton Howden Jerry D'Amigo 60 1 3 1
2 Elias Lindholm Tom Kuhnhackl 40 1 3 1
Penalty Kill 4 Players Defense
Defense Defense Time % Phy DF OF
1 John Draeger Niklas Hansson 60 1 4 0
2 Griffin Reinhart Michal Jordan 40 1 4 0
Penalty Kill - 3 Players Forward
Forward Time % Phy DF OF
1 Quinton Howden 60 1 3 1
2 Jerry D'Amigo 40 1 3 1
Penalty Kill - 3 Players Defense
Defense Defense Time % Phy DF OF
1 John Draeger Niklas Hansson 60 1 4 0
2 Griffin Reinhart Michal Jordan 40 1 4 0
4 vs 4 Forward
Center Wing Time % Phy DF OF
1 Quinton Howden Valentin Zykov 60 0 2 3
2 Elias Lindholm Kirill Kaprizov 40 0 2 3
4 vs 4 Defense
Defense Defense Time % Phy DF OF
1 Griffin Reinhart Niklas Hansson 60 0 2 3
2 Michal Jordan John Draeger 40 0 2 3
Last Minutes Offensive
Center Left Wing Right Wing Defense Defense
Quinton Howden Valentin Zykov Jerry D'Amigo Griffin Reinhart Niklas Hansson
Last Minutes Defensive
Center Left Wing Right Wing Defense Defense
Quinton Howden Valentin Zykov Jerry D'Amigo John Draeger Niklas Hansson
Goaltenders
Starting : Carter Hutton
Backup : Igor Bobkov
Extra Forwards
Normal : Kirill Kaprizov, Valentin Zykov, Elias Lindholm - PP : Kirill Kaprizov, Valentin Zykov - PK : Kirill Kaprizov
Extra Defensemen
Normal : Michal Jordan, Griffin Reinhart, Niklas Hansson - PP : Jake Walman - PK : John Draeger, Niklas Hansson
Penalty Shots
Tanner Laczynski, Tom Kuhnhackl, Quinton Howden, Elias Lindholm, Kirill Kaprizov
Scratches
Austin Poganski (Healthy), Connor Honey (Healthy), Dmytro Timashov (Healthy), Keaton Thompson (Healthy), Kyle Platzer (Healthy)
Lukas Vejdemo (Healthy), Michael McCarron (Healthy), Viktor Baldayev (Healthy), Clayton Keller (Healthy), Calvin Thurkauf (Healthy)
Artur Kayumov (Healthy), Niklas Treutle (Healthy), Artyom Zagidulin (Healthy)
% Time on Ice - Admirals
Lines # - Real PCT - Wanted PCT - Time Play
Normal Forward
1 - 38% - 40% - 16:49
2 - 28% - 30% - 12:34
3 - 20% - 20% - 8:43
4 - 14% - 10% - 6:26
Normal Defense
1 - 40% - 40% - 17:43
2 - 31% - 30% - 13:51
3 - 19% - 20% - 8:28
4 - 10% - 10% - 4:30
PP Forward
1 - 56% - 60% - 3:25
2 - 44% - 40% - 2:42
PP Defense
1 - 63% - 60% - 3:50
2 - 37% - 40% - 2:17
PK Forward
1 - 86% - 60% - 4:48
2 - 14% - 40% - 0:45
PK Defense
1 - 72% - 60% - 3:59
2 - 28% - 40% - 1:34
PK3 Forward
1 - 0% - 60%
2 - 0% - 40%
PK3 Defense
1 - 0% - 60%
2 - 0% - 40%
44 Forward
1 - 83% - 60% - 3:10
2 - 17% - 40% - 0:38
44 Defense
1 - 60% - 60% - 2:16
2 - 40% - 40% - 1:32
Last Minute Offensive - 0:00
Last Minute Defensive - 0:00
Total
Forward - 60:00
Defense - 60:00
|
% Time on Ice - Thunderbirds
Lines # - Real PCT - Wanted PCT - Time Play
Normal Forward
1 - 38% - 40% - 16:47
2 - 26% - 30% - 11:22
3 - 22% - 20% - 9:42
4 - 15% - 10% - 6:41
Normal Defense
1 - 45% - 40% - 20:10
2 - 32% - 30% - 14:07
3 - 20% - 20% - 8:42
4 - 3% - 10% - 1:33
PP Forward
1 - 62% - 60% - 3:26
2 - 38% - 40% - 2:07
PP Defense
1 - 53% - 60% - 2:57
2 - 47% - 40% - 2:36
PK Forward
1 - 79% - 60% - 4:49
2 - 21% - 40% - 1:18
PK Defense
1 - 67% - 60% - 4:05
2 - 33% - 40% - 2:02
PK3 Forward
1 - 0% - 60%
2 - 0% - 40%
PK3 Defense
1 - 0% - 60%
2 - 0% - 40%
44 Forward
1 - 90% - 60% - 3:25
2 - 10% - 40% - 0:23
44 Defense
1 - 57% - 60% - 2:11
2 - 43% - 40% - 1:37
Last Minute Offensive - 0:00
Last Minute Defensive - 0:00
Total
Forward - 60:00
Defense - 60:00
|
Play-by-Play
1st period
0:01 of 1st period - Anton Gustafsson wins face-off versus Quinton Howden in neutral zone.
0:07 of 1st period - Slapshot by Josh Morrissey.
0:07 of 1st period - Stopped by Carter Hutton with a rebound.
0:11 of 1st period - Backhand shot by Nicolas Kerdiles.
0:11 of 1st period - Deflect By Anton Gustafsson.
0:11 of 1st period - Stopped by Carter Hutton with a rebound.
0:13 of 1st period - Wrist shot by Nicolas Kerdiles.
0:13 of 1st period - Shot Misses the Net.
0:15 of 1st period - Slapshot by Joel Armia.
0:15 of 1st period - Goal by Joel Armia - Admirals : 1 - Thunderbirds : 0.
0:16 of 1st period - Markus Granlund wins face-off versus Elias Lindholm in neutral zone.
0:41 of 1st period - Kasper Bjorkqvist is hit by John Draeger and loses puck.
1:04 of 1st period - Wrist shot by Nicolas Kerdiles.
1:04 of 1st period - Stopped by Carter Hutton with a rebound.
1:06 of 1st period - Wrist shot by Travis Dermott.
1:06 of 1st period - Shot Blocked by John Draeger.
1:08 of 1st period - Snap shot by Anton Gustafsson.
1:08 of 1st period - Stopped by Carter Hutton with a rebound.
1:42 of 1st period - Snap shot by Nicolas Deslauriers.
1:42 of 1st period - Shot Blocked by Tom Kuhnhackl.
1:44 of 1st period - Wrist shot by Nicolas Deslauriers.
1:44 of 1st period - Goal by Nicolas Deslauriers - Admirals : 2 - Thunderbirds : 0.
1:45 of 1st period - Markus Granlund wins face-off versus Elias Lindholm in neutral zone.
1:53 of 1st period - Minor Penalty to Griffin Reinhart for Slashing.
1:54 of 1st period - Anton Gustafsson wins face-off versus Quinton Howden in Thunderbirds zone.
2:22 of 1st period - Snap shot by Kasper Bjorkqvist.
2:22 of 1st period - Shot Misses the Net.
2:53 of 1st period - Icing by Mattias Backman.
2:54 of 1st period - Anton Gustafsson wins face-off versus Quinton Howden in Admirals zone.
3:21 of 1st period - Niklas Hansson is hit by Markus Granlund and loses puck.
3:53 of 1st period - Penalty to Griffin Reinhart is over, Griffin Reinhart is back on ice.
3:55 of 1st period - Off-side.
3:56 of 1st period - Mitchell Heard wins face-off versus Freddie Hamilton in neutral zone.
4:11 of 1st period - Wrist shot by Matt Puempel.
4:11 of 1st period - Stopped by Felix Sanstrom without a rebound.
4:12 of 1st period - Kirill Kaprizov wins face-off versus Anton Gustafsson in Admirals zone.
4:45 of 1st period - Snap shot by Quinton Howden.
4:45 of 1st period - Stopped by Felix Sanstrom without a rebound.
4:46 of 1st period - Quinton Howden wins face-off versus Anton Gustafsson in Admirals zone.
4:49 of 1st period - Snap shot by Jerry D'Amigo.
4:49 of 1st period - Stopped by Felix Sanstrom without a rebound.
4:50 of 1st period - Jerry D'Amigo wins face-off versus Anton Gustafsson in Admirals zone.
4:51 of 1st period - Wrist shot by Quinton Howden.
4:51 of 1st period - Stopped by Felix Sanstrom with a rebound.
5:19 of 1st period - Wrist shot by Matt Puempel.
5:19 of 1st period - Stopped by Felix Sanstrom without a rebound.
5:20 of 1st period - Blake Geoffrion wins face-off versus Hudson Fasching in Admirals zone.
6:18 of 1st period - Wrist shot by Blake Geoffrion.
6:18 of 1st period - Stopped by Carter Hutton without a rebound.
6:19 of 1st period - Elias Lindholm wins face-off versus Anton Gustafsson in Thunderbirds zone.
6:24 of 1st period - Snap shot by Nicolas Kerdiles.
6:24 of 1st period - Shot Misses the Net.
6:37 of 1st period - Icing by Josh Morrissey.
6:38 of 1st period - Anton Gustafsson wins face-off versus Quinton Howden in Admirals zone.
7:29 of 1st period - Snap shot by Nicolas Deslauriers.
7:29 of 1st period - Stopped by Carter Hutton without a rebound.
7:30 of 1st period - Quinton Howden wins face-off versus Lucas Wallmark in Thunderbirds zone.
8:08 of 1st period - Wrist shot by Blake Geoffrion.
8:08 of 1st period - Stopped by Carter Hutton with a rebound.
8:40 of 1st period - Joel Armia is hit by Matt Puempel and loses puck.
9:43 of 1st period - Icing by Niklas Hansson.
9:44 of 1st period - Elias Lindholm wins face-off versus Markus Granlund in Thunderbirds zone.
10:29 of 1st period - Slapshot by Valentin Zykov.
10:29 of 1st period - Shot Hit the Post.
11:44 of 1st period - Mitchell Heard is hit by Markus Granlund and loses puck.
12:14 of 1st period - Slapshot by Nicklas Jensen.
12:14 of 1st period - Shot Misses the Net.
12:30 of 1st period - Slapshot by Josh Morrissey.
12:30 of 1st period - Stopped by Carter Hutton with a rebound.
12:36 of 1st period - Backhand shot by Jerry D'Amigo.
12:36 of 1st period - Deflect By Valentin Zykov.
12:36 of 1st period - Stopped by Felix Sanstrom with a rebound.
12:38 of 1st period - Snap shot by Valentin Zykov.
12:38 of 1st period - Stopped by Felix Sanstrom with a rebound.
14:05 of 1st period - Blake Geoffrion is hit by Roberts Lipsbergs and loses puck.
14:32 of 1st period - Hudson Fasching is hit by Hunter Shinkaruk and loses puck.
15:36 of 1st period - Snap shot by Kirill Kaprizov.
15:36 of 1st period - Deflect By Tom Kuhnhackl.
15:36 of 1st period - Shot Misses the Net.
15:36 of 1st period - Puck is out of play.
15:37 of 1st period - Markus Granlund wins face-off versus Mitchell Heard in Admirals zone.
15:50 of 1st period - Slapshot by Mitchell Heard.
15:50 of 1st period - Stopped by Felix Sanstrom with a rebound.
16:09 of 1st period - Minor Penalty to Anton Gustafsson for Holding Stick.
16:10 of 1st period - Quinton Howden wins face-off versus Nicolas Kerdiles in Admirals zone.
16:12 of 1st period - Slapshot by Quinton Howden.
16:12 of 1st period - Shot Blocked by Josh Morrissey.
16:14 of 1st period - Wrist shot by Valentin Zykov.
16:14 of 1st period - Deflect By Josh Morrissey.
16:14 of 1st period - Goal by Valentin Zykov - Admirals : 2 - Thunderbirds : 1.
16:15 of 1st period - Quinton Howden wins face-off versus Anton Gustafsson in neutral zone.
16:30 of 1st period - Snap shot by Nicolas Kerdiles.
16:30 of 1st period - Stopped by Carter Hutton with a rebound.
16:37 of 1st period - Icing by Quinton Howden.
16:38 of 1st period - Markus Granlund wins face-off versus Elias Lindholm in Thunderbirds zone.
16:39 of 1st period - Slapshot by Blake Geoffrion.
16:39 of 1st period - Stopped by Carter Hutton without a rebound.
16:40 of 1st period - Markus Granlund wins face-off versus Elias Lindholm in Thunderbirds zone.
17:06 of 1st period - Anton Gustafsson is hit by Niklas Hansson and loses puck.
17:50 of 1st period - Snap shot by Hunter Shinkaruk.
17:50 of 1st period - Shot Misses the Net.
18:08 of 1st period - Niklas Hansson is hit by Carl Dahlstrom and loses puck.
18:25 of 1st period - T.J Brodie is hit by Elias Lindholm and loses puck.
18:41 of 1st period - Anton Gustafsson is hit by Jerry D'Amigo and loses puck.
18:56 of 1st period - T.J Brodie is hit by Roberts Lipsbergs and loses puck.
19:07 of 1st period - Wrist shot by Tanner Laczynski.
19:07 of 1st period - Goal by Tanner Laczynski - Admirals : 2 - Thunderbirds : 2.
19:08 of 1st period - Quinton Howden wins face-off versus Markus Granlund in neutral zone.
19:19 of 1st period - Snap shot by Jerry D'Amigo.
19:19 of 1st period - Stopped by Felix Sanstrom with a rebound.
19:23 of 1st period - Slapshot by Valentin Zykov.
19:23 of 1st period - Goal by Valentin Zykov - Admirals : 2 - Thunderbirds : 3.
19:24 of 1st period - Anton Gustafsson wins face-off versus Valentin Zykov in neutral zone.
19:33 of 1st period - Snap shot by Nicolas Kerdiles.
19:33 of 1st period - Deflect By Joel Armia.
19:33 of 1st period - Stopped by Carter Hutton with a rebound.
19:35 of 1st period - Slapshot by Travis Dermott.
19:35 of 1st period - Shot Blocked by Jerry D'Amigo.
19:42 of 1st period - Minor Penalty to Michal Jordan for Tripping.
19:43 of 1st period - Anton Gustafsson wins face-off versus Jerry D'Amigo in Thunderbirds zone.
19:46 of 1st period - Double Minor Penalty to Anton Gustafsson for Roughing.
19:47 of 1st period - Quinton Howden wins face-off versus Blake Geoffrion in Admirals zone.
19:47 of 1st period - Wrist shot by Valentin Zykov.
19:47 of 1st period - Goal by Valentin Zykov - Admirals : 2 - Thunderbirds : 4.
19:47 of 1st period - Tristan Jarry enters game.
19:48 of 1st period - Blake Geoffrion wins face-off versus Quinton Howden in neutral zone.
19:57 of 1st period - Wrist shot by Nicolas Kerdiles.
19:57 of 1st period - Stopped by Carter Hutton without a rebound.
19:58 of 1st period - Quinton Howden wins face-off versus Blake Geoffrion in Thunderbirds zone.
Goals for this period are 2 for Admirals vs 4 for Thunderbirds.
Shots for this period are 14 for Admirals vs 13 for Thunderbirds.
2nd period
0:01 of 2nd period - Quinton Howden wins face-off versus Blake Geoffrion in neutral zone.
0:04 of 2nd period - Snap shot by Quinton Howden.
0:04 of 2nd period - Stopped by Tristan Jarry without a rebound.
0:05 of 2nd period - Quinton Howden wins face-off versus Blake Geoffrion in Admirals zone.
0:57 of 2nd period - Snap shot by Mark McNeill.
0:57 of 2nd period - Shot Misses the Net.
0:59 of 2nd period - Slapshot by T.J Brodie.
0:59 of 2nd period - Stopped by Carter Hutton with a rebound.
1:29 of 2nd period - Niklas Hansson is hit by Travis Dermott and loses puck.
1:42 of 2nd period - Penalty to Michal Jordan is over, Michal Jordan is back on ice.
2:11 of 2nd period - Markus Granlund is hit by Mitchell Heard and loses puck.
2:24 of 2nd period - John Draeger is hit by Blake Geoffrion and loses puck.
3:46 of 2nd period - Penalty to Anton Gustafsson is over, Anton Gustafsson is back on ice.
4:03 of 2nd period - Snap shot by Hunter Shinkaruk.
4:03 of 2nd period - Stopped by Carter Hutton with a rebound.
4:17 of 2nd period - Snap shot by Lucas Wallmark.
4:17 of 2nd period - Deflect By Anton Gustafsson.
4:17 of 2nd period - Stopped by Carter Hutton without a rebound.
4:18 of 2nd period - Markus Granlund wins face-off versus Hudson Fasching in Thunderbirds zone.
4:21 of 2nd period - Wrist shot by Markus Granlund.
4:21 of 2nd period - Shot Blocked by Jake Walman.
4:31 of 2nd period - Blake Geoffrion is hit by Matt Puempel and loses puck.
4:42 of 2nd period - Snap shot by Nicolas Kerdiles.
4:42 of 2nd period - Stopped by Carter Hutton without a rebound.
4:43 of 2nd period - Joel Armia wins face-off versus Quinton Howden in Thunderbirds zone.
4:52 of 2nd period - Slapshot by Nicolas Kerdiles.
4:52 of 2nd period - Stopped by Carter Hutton with a rebound.
4:54 of 2nd period - Snap shot by Anton Gustafsson.
4:54 of 2nd period - Shot Blocked by Quinton Howden.
4:56 of 2nd period - Slapshot by Travis Dermott.
4:56 of 2nd period - Deflect By Valentin Zykov.
4:56 of 2nd period - Admirals goal is going for a video replay.
4:56 of 2nd period - The goal is refused. The puck has been kicked using a distinct kicking motion..
4:57 of 2nd period - Markus Granlund wins face-off versus Valentin Zykov in Thunderbirds zone.
5:10 of 2nd period - Wrist shot by Blake Geoffrion.
5:10 of 2nd period - Shot Misses the Net.
5:30 of 2nd period - Snap shot by Elias Lindholm.
5:30 of 2nd period - Shot Misses the Net.
5:54 of 2nd period - Snap shot by Griffin Reinhart.
5:54 of 2nd period - Shot Misses the Net.
6:46 of 2nd period - Icing by Anton Gustafsson.
6:47 of 2nd period - Anton Gustafsson wins face-off versus Elias Lindholm in Admirals zone.
6:54 of 2nd period - Nicolas Kerdiles is hit by Tom Kuhnhackl and loses puck.
6:59 of 2nd period - Wrist shot by Tom Kuhnhackl.
6:59 of 2nd period - Stopped by Tristan Jarry with a rebound.
7:01 of 2nd period - Snap shot by Niklas Hansson.
7:01 of 2nd period - Stopped by Tristan Jarry without a rebound.
7:02 of 2nd period - Quinton Howden wins face-off versus Markus Granlund in Admirals zone.
7:07 of 2nd period - Snap shot by Valentin Zykov.
7:07 of 2nd period - Stopped by Tristan Jarry without a rebound.
7:08 of 2nd period - Quinton Howden wins face-off versus Blake Geoffrion in Admirals zone.
7:12 of 2nd period - Minor Penalty to Mark McNeill for Tripping.
7:13 of 2nd period - Anton Gustafsson wins face-off versus Quinton Howden in Admirals zone.
7:25 of 2nd period - Slapshot by Griffin Reinhart.
7:25 of 2nd period - Shot Blocked by Josh Morrissey.
7:27 of 2nd period - Snap shot by Jerry D'Amigo.
7:27 of 2nd period - Shot Blocked by Christian Djoos.
7:29 of 2nd period - Snap shot by Quinton Howden.
7:29 of 2nd period - Shot Misses the Net.
7:39 of 2nd period - Christian Djoos is hit by Kirill Kaprizov and loses puck.
7:46 of 2nd period - Snap shot by Elias Lindholm.
7:46 of 2nd period - Goal by Elias Lindholm - Admirals : 2 - Thunderbirds : 5.
7:47 of 2nd period - Quinton Howden wins face-off versus Markus Granlund in neutral zone.
7:52 of 2nd period - Off-side.
7:53 of 2nd period - Markus Granlund wins face-off versus Quinton Howden in neutral zone.
8:08 of 2nd period - Wrist shot by Blake Geoffrion.
8:08 of 2nd period - Shot Blocked by Quinton Howden.
8:22 of 2nd period - Slapshot by Griffin Reinhart.
8:22 of 2nd period - Stopped by Tristan Jarry with a rebound.
8:24 of 2nd period - Slapshot by Niklas Hansson.
8:24 of 2nd period - Shot Blocked by Travis Dermott.
9:10 of 2nd period - Slapshot by Riley Barber.
9:10 of 2nd period - Stopped by Carter Hutton without a rebound.
9:11 of 2nd period - Quinton Howden wins face-off versus Anton Gustafsson in Thunderbirds zone.
9:42 of 2nd period - Snap shot by Markus Granlund.
9:42 of 2nd period - Stopped by Carter Hutton with a rebound.
9:58 of 2nd period - Griffin Reinhart is hit by Kasper Bjorkqvist and loses puck.
10:06 of 2nd period - Snap shot by Kasper Bjorkqvist.
10:06 of 2nd period - Shot Misses the Net.
10:14 of 2nd period - Michal Jordan is hit by Nicolas Deslauriers.
10:18 of 2nd period - Snap shot by Matt Puempel.
10:18 of 2nd period - Shot Misses the Net.
10:47 of 2nd period - Snap shot by Quinton Howden.
10:47 of 2nd period - Shot Blocked by Josh Morrissey.
10:49 of 2nd period - Snap shot by Quinton Howden.
10:49 of 2nd period - Shot Blocked by Hunter Shinkaruk.
10:51 of 2nd period - Slapshot by John Draeger.
10:51 of 2nd period - Stopped by Tristan Jarry with a rebound.
10:53 of 2nd period - Snap shot by Valentin Zykov.
10:53 of 2nd period - Shot Blocked by Travis Dermott.
11:13 of 2nd period - Snap shot by Tom Kuhnhackl.
11:13 of 2nd period - Stopped by Tristan Jarry without a rebound.
11:14 of 2nd period - Quinton Howden wins face-off versus Nicolas Kerdiles in Admirals zone.
11:17 of 2nd period - Slapshot by Valentin Zykov.
11:17 of 2nd period - Shot Misses the Net.
11:49 of 2nd period - Snap shot by Quinton Howden.
11:49 of 2nd period - Shot Blocked by Kasper Bjorkqvist.
11:51 of 2nd period - Snap shot by Quinton Howden.
11:51 of 2nd period - Stopped by Tristan Jarry without a rebound.
11:52 of 2nd period - Anton Gustafsson wins face-off versus Elias Lindholm in Admirals zone.
11:52 of 2nd period - Anton Gustafsson is hit by John Draeger.
12:18 of 2nd period - Mitchell Heard is hit by Josh Morrissey and loses puck.
12:27 of 2nd period - Snap shot by Blake Geoffrion.
12:27 of 2nd period - Shot Blocked by John Draeger.
12:29 of 2nd period - Snap shot by Markus Granlund.
12:29 of 2nd period - Deflect By Mark McNeill.
12:29 of 2nd period - Stopped by Carter Hutton with a rebound.
13:05 of 2nd period - Snap shot by Freddie Hamilton.
13:05 of 2nd period - Stopped by Carter Hutton with a rebound.
13:09 of 2nd period - Snap shot by Hunter Shinkaruk.
13:09 of 2nd period - Shot Misses the Net.
13:29 of 2nd period - Wrist shot by Anton Gustafsson.
13:29 of 2nd period - Deflect By Joel Armia.
13:29 of 2nd period - Stopped by Carter Hutton with a rebound.
13:31 of 2nd period - Slapshot by Josh Morrissey.
13:31 of 2nd period - Deflect By Griffin Reinhart.
13:31 of 2nd period - Stopped by Carter Hutton with a rebound.
14:22 of 2nd period - Olli Juolevi is hit by Nicklas Jensen and loses puck.
14:35 of 2nd period - Snap shot by Nicklas Jensen.
14:35 of 2nd period - Stopped by Tristan Jarry without a rebound.
14:36 of 2nd period - Anton Gustafsson wins face-off versus Quinton Howden in Admirals zone.
15:10 of 2nd period - Wrist shot by Markus Granlund.
15:10 of 2nd period - Shot Misses the Net.
15:54 of 2nd period - Lucas Wallmark is hit by Michal Jordan and loses puck.
16:23 of 2nd period - Snap shot by Jerry D'Amigo.
16:23 of 2nd period - Goal by Jerry D'Amigo - Admirals : 2 - Thunderbirds : 6.
16:24 of 2nd period - Quinton Howden wins face-off versus Anton Gustafsson in neutral zone.
16:33 of 2nd period - Off-side.
16:34 of 2nd period - Joel Armia wins face-off versus Quinton Howden in neutral zone.
16:41 of 2nd period - Snap shot by Anton Gustafsson.
16:41 of 2nd period - Shot Misses the Net.
16:43 of 2nd period - Snap shot by T.J Brodie.
16:43 of 2nd period - Stopped by Carter Hutton without a rebound.
16:44 of 2nd period - Anton Gustafsson wins face-off versus Quinton Howden in Thunderbirds zone.
17:44 of 2nd period - Minor Penalty to T.J Brodie for Hooking.
17:45 of 2nd period - Jerry D'Amigo wins face-off versus Nicolas Kerdiles in Admirals zone.
17:48 of 2nd period - Snap shot by Valentin Zykov.
17:48 of 2nd period - Shot Blocked by Josh Morrissey.
19:44 of 2nd period - Penalty to T.J Brodie is over, T.J Brodie is back on ice.
19:46 of 2nd period - Mattias Backman is hit by Griffin Reinhart and loses puck.
Goals for this period are 0 for Admirals vs 2 for Thunderbirds.
Shots for this period are 13 for Admirals vs 11 for Thunderbirds.
3rd period
0:01 of 3rd period - Quinton Howden wins face-off versus Anton Gustafsson in neutral zone.
0:08 of 3rd period - Slapshot by Travis Dermott.
0:08 of 3rd period - Shot Blocked by Griffin Reinhart.
0:10 of 3rd period - Snap shot by Anton Gustafsson.
0:10 of 3rd period - Shot Misses the Net.
0:12 of 3rd period - Snap shot by Nicolas Kerdiles.
0:12 of 3rd period - Shot Hit the Post.
0:14 of 3rd period - Snap shot by Anton Gustafsson.
0:14 of 3rd period - Shot Misses the Net.
0:16 of 3rd period - Slapshot by Nicolas Kerdiles.
0:16 of 3rd period - Stopped by Carter Hutton with a rebound.
0:30 of 3rd period - Off-side.
0:31 of 3rd period - Markus Granlund wins face-off versus Elias Lindholm in neutral zone.
0:56 of 3rd period - Wrist shot by Kirill Kaprizov.
0:56 of 3rd period - Deflect By Elias Lindholm.
0:56 of 3rd period - Stopped by Tristan Jarry with a rebound.
0:58 of 3rd period - Minor Penalty to Mattias Backman for Tripping.
0:59 of 3rd period - Anton Gustafsson wins face-off versus Quinton Howden in Admirals zone.
1:04 of 3rd period - Minor Penalty to Quinton Howden for Hooking.
1:05 of 3rd period - Kirill Kaprizov wins face-off versus Anton Gustafsson in Thunderbirds zone.
1:30 of 3rd period - Josh Morrissey is hit by Griffin Reinhart and loses puck.
1:51 of 3rd period - Snap shot by Nicolas Deslauriers.
1:51 of 3rd period - Stopped by Carter Hutton with a rebound.
2:15 of 3rd period - Wrist shot by Mitchell Heard.
2:15 of 3rd period - Deflect By Matt Puempel.
2:15 of 3rd period - Shot Misses the Net.
2:15 of 3rd period - Puck is out of play.
2:16 of 3rd period - Anton Gustafsson wins face-off versus Mitchell Heard in Admirals zone.
2:58 of 3rd period - Penalty to Mattias Backman is over, Mattias Backman is back on ice.
3:04 of 3rd period - Penalty to Quinton Howden is over, Quinton Howden is back on ice.
3:36 of 3rd period - Snap shot by Valentin Zykov.
3:36 of 3rd period - Shot Blocked by Travis Dermott.
3:38 of 3rd period - Snap shot by Quinton Howden.
3:38 of 3rd period - Stopped by Tristan Jarry with a rebound.
3:40 of 3rd period - Backhand shot by Griffin Reinhart.
3:40 of 3rd period - Thunderbirds goal is going for a video replay.
3:40 of 3rd period - The goal is good.
3:40 of 3rd period - Goal by Griffin Reinhart - Admirals : 2 - Thunderbirds : 7.
3:41 of 3rd period - Anton Gustafsson wins face-off versus Mitchell Heard in neutral zone.
3:44 of 3rd period - Wrist shot by Nicolas Kerdiles.
3:44 of 3rd period - Stopped by Carter Hutton without a rebound.
3:45 of 3rd period - Anton Gustafsson wins face-off versus Mitchell Heard in Thunderbirds zone.
3:46 of 3rd period - Slapshot by Nicolas Kerdiles.
3:46 of 3rd period - Deflect By Anton Gustafsson.
3:46 of 3rd period - Shot Misses the Net.
3:46 of 3rd period - Puck is out of play.
3:47 of 3rd period - Anton Gustafsson wins face-off versus Mitchell Heard in Thunderbirds zone.
3:48 of 3rd period - Snap shot by Nicolas Kerdiles.
3:48 of 3rd period - Shot Blocked by Michal Jordan.
3:52 of 3rd period - Wrist shot by Anton Gustafsson.
3:52 of 3rd period - Shot Misses the Net.
3:54 of 3rd period - Wrist shot by Joel Armia.
3:54 of 3rd period - Stopped by Carter Hutton without a rebound.
3:55 of 3rd period - Anton Gustafsson wins face-off versus Quinton Howden in Thunderbirds zone.
3:58 of 3rd period - Snap shot by Nicolas Kerdiles.
3:58 of 3rd period - Goal by Nicolas Kerdiles - Admirals : 3 - Thunderbirds : 7.
3:59 of 3rd period - Anton Gustafsson wins face-off versus Quinton Howden in neutral zone.
4:05 of 3rd period - Minor Penalty to Quinton Howden for Holding.
4:06 of 3rd period - Anton Gustafsson wins face-off versus Kirill Kaprizov in Thunderbirds zone.
4:06 of 3rd period - Slapshot by Travis Dermott.
4:06 of 3rd period - Deflect By Nicolas Kerdiles.
4:06 of 3rd period - Stopped by Carter Hutton with a rebound.
4:19 of 3rd period - Off-side.
4:20 of 3rd period - Anton Gustafsson wins face-off versus Kirill Kaprizov in neutral zone.
4:45 of 3rd period - Blake Geoffrion is hit by Elias Lindholm and loses puck.
5:39 of 3rd period - Anton Gustafsson is hit by Niklas Hansson and loses puck.
6:05 of 3rd period - Penalty to Quinton Howden is over, Quinton Howden is back on ice.
6:26 of 3rd period - Jake Walman is hit by T.J Brodie and loses puck.
6:51 of 3rd period - Wrist shot by Hunter Shinkaruk.
6:51 of 3rd period - Goal by Hunter Shinkaruk - Admirals : 4 - Thunderbirds : 7.
6:52 of 3rd period - Anton Gustafsson wins face-off versus Quinton Howden in neutral zone.
7:05 of 3rd period - Wrist shot by Anton Gustafsson.
7:05 of 3rd period - Shot Misses the Net.
7:24 of 3rd period - Snap shot by Blake Geoffrion.
7:24 of 3rd period - Shot Misses the Net.
7:38 of 3rd period - Wrist shot by Kasper Bjorkqvist.
7:38 of 3rd period - Shot Blocked by Michal Jordan.
7:40 of 3rd period - Slapshot by Nicolas Deslauriers.
7:40 of 3rd period - Shot Misses the Net.
7:42 of 3rd period - Snap shot by Carl Dahlstrom.
7:42 of 3rd period - Stopped by Carter Hutton with a rebound.
7:44 of 3rd period - Snap shot by Lucas Wallmark.
7:44 of 3rd period - Shot Misses the Net.
8:04 of 3rd period - Tanner Laczynski is hit by Freddie Hamilton and loses puck.
8:28 of 3rd period - Off-side.
8:29 of 3rd period - Anton Gustafsson wins face-off versus Quinton Howden in neutral zone.
8:59 of 3rd period - Slapshot by Markus Granlund.
8:59 of 3rd period - Stopped by Carter Hutton with a rebound.
9:01 of 3rd period - Slapshot by Josh Morrissey.
9:01 of 3rd period - Shot Misses the Net.
9:05 of 3rd period - Wrist shot by Markus Granlund.
9:05 of 3rd period - Stopped by Carter Hutton without a rebound.
9:06 of 3rd period - Anton Gustafsson wins face-off versus Quinton Howden in Thunderbirds zone.
9:09 of 3rd period - Snap shot by Joel Armia.
9:09 of 3rd period - Goal by Joel Armia - Admirals : 5 - Thunderbirds : 7.
9:10 of 3rd period - Quinton Howden wins face-off versus Anton Gustafsson in neutral zone.
9:12 of 3rd period - Minor Penalty to Niklas Hansson for Hooking.
9:13 of 3rd period - Quinton Howden wins face-off versus Anton Gustafsson in Thunderbirds zone.
9:17 of 3rd period - Griffin Reinhart is hit by Joel Armia and loses puck.
9:24 of 3rd period - Slapshot by Travis Dermott.
9:24 of 3rd period - Shot Blocked by Griffin Reinhart.
9:26 of 3rd period - Wrist shot by Nicolas Kerdiles.
9:26 of 3rd period - Stopped by Carter Hutton with a rebound.
9:28 of 3rd period - Wrist shot by Nicolas Kerdiles.
9:28 of 3rd period - Stopped by Carter Hutton with a rebound.
9:38 of 3rd period - Snap shot by Kasper Bjorkqvist.
9:38 of 3rd period - Stopped by Carter Hutton with a rebound.
10:08 of 3rd period - Blake Geoffrion is hit by Kirill Kaprizov and loses puck.
11:12 of 3rd period - Penalty to Niklas Hansson is over, Niklas Hansson is back on ice.
12:22 of 3rd period - Snap shot by Tanner Laczynski.
12:22 of 3rd period - Stopped by Tristan Jarry with a rebound.
12:55 of 3rd period - Minor Penalty to Hunter Shinkaruk for Diving.
12:56 of 3rd period - Quinton Howden wins face-off versus Anton Gustafsson in Admirals zone.
13:00 of 3rd period - Wrist shot by Quinton Howden.
13:00 of 3rd period - Stopped by Tristan Jarry with a rebound.
13:02 of 3rd period - Wrist shot by Valentin Zykov.
13:02 of 3rd period - Goal by Valentin Zykov - Admirals : 5 - Thunderbirds : 8.
13:03 of 3rd period - Anton Gustafsson wins face-off versus Quinton Howden in neutral zone.
13:06 of 3rd period - Slapshot by Josh Morrissey.
13:06 of 3rd period - Shot Blocked by Griffin Reinhart.
13:18 of 3rd period - Snap shot by Quinton Howden.
13:18 of 3rd period - Shot Misses the Net.
13:28 of 3rd period - Anton Gustafsson is hit by Niklas Hansson and loses puck.
13:37 of 3rd period - Snap shot by Anton Gustafsson.
13:37 of 3rd period - Stopped by Carter Hutton without a rebound.
13:38 of 3rd period - Markus Granlund wins face-off versus Quinton Howden in Thunderbirds zone.
13:45 of 3rd period - Slapshot by Mark McNeill.
13:45 of 3rd period - Deflect By Quinton Howden.
13:45 of 3rd period - Shot Misses the Net.
13:45 of 3rd period - Puck is out of play.
13:46 of 3rd period - Quinton Howden wins face-off versus Markus Granlund in Thunderbirds zone.
14:18 of 3rd period - Joel Armia is hit by Tom Kuhnhackl and loses puck.
14:54 of 3rd period - Nelson Nogier is hit by Freddie Hamilton.
14:58 of 3rd period - Snap shot by Quinton Howden.
14:58 of 3rd period - Shot Misses the Net.
15:00 of 3rd period - Snap shot by Quinton Howden.
15:00 of 3rd period - Stopped by Tristan Jarry with a rebound.
15:02 of 3rd period - Wrist shot by Jerry D'Amigo.
15:02 of 3rd period - Stopped by Tristan Jarry without a rebound.
15:03 of 3rd period - Joel Armia wins face-off versus Elias Lindholm in Admirals zone.
15:03 of 3rd period - Joel Armia is hit by Kirill Kaprizov.
15:54 of 3rd period - Slapshot by Michal Jordan.
15:54 of 3rd period - Shot Blocked by Markus Granlund.
16:04 of 3rd period - Wrist shot by Tom Kuhnhackl.
16:04 of 3rd period - Shot Misses the Net.
16:06 of 3rd period - Snap shot by Kirill Kaprizov.
16:06 of 3rd period - Stopped by Tristan Jarry with a rebound.
16:08 of 3rd period - Slapshot by Michal Jordan.
16:08 of 3rd period - Stopped by Tristan Jarry without a rebound.
16:09 of 3rd period - Quinton Howden wins face-off versus Anton Gustafsson in Admirals zone.
16:36 of 3rd period - Mitchell Heard is hit by Markus Granlund and loses puck.
17:04 of 3rd period - Minor Penalty to Christian Djoos for Roughing.
17:05 of 3rd period - Quinton Howden wins face-off versus Anton Gustafsson in Admirals zone.
17:37 of 3rd period - Snap shot by Elias Lindholm.
17:37 of 3rd period - Goal by Elias Lindholm - Admirals : 5 - Thunderbirds : 9.
17:38 of 3rd period - Anton Gustafsson wins face-off versus Quinton Howden in neutral zone.
18:03 of 3rd period - Elias Lindholm is hit by Blake Geoffrion and loses puck.
18:46 of 3rd period - Wrist shot by Valentin Zykov.
18:46 of 3rd period - Stopped by Tristan Jarry with a rebound.
18:48 of 3rd period - Slapshot by Valentin Zykov.
18:48 of 3rd period - Shot Misses the Net.
18:50 of 3rd period - Snap shot by Jerry D'Amigo.
18:50 of 3rd period - Goal by Jerry D'Amigo - Admirals : 5 - Thunderbirds : 10.
18:51 of 3rd period - Anton Gustafsson wins face-off versus Quinton Howden in neutral zone.
18:57 of 3rd period - Icing by Griffin Reinhart.
18:58 of 3rd period - Anton Gustafsson wins face-off versus Quinton Howden in Thunderbirds zone.
19:54 of 3rd period - Minor Penalty to Nicolas Kerdiles for Holding.
19:55 of 3rd period - Elias Lindholm wins face-off versus Mark McNeill in Admirals zone.
Goals for this period are 3 for Admirals vs 4 for Thunderbirds.
Shots for this period are 15 for Admirals vs 13 for Thunderbirds.